 Dungeon Crawl Stone Soup version 0.21-a0-582-g1b93aee (webtiles) character file.

1472 Gaball the Basher (level 8, -10/46 HPs)
             Began as a Gargoyle Fighter on Dec 19, 2017.
             Was an Initiate of Gozag.
             Killed by divine providence
             ... invoked by an orc priest
              (11 damage)
             ... on level 6 of the Dungeon.
             The game lasted 00:06:48 (3314 turns).

Gaball the Basher (Gargoyle Fighter)                Turns: 3314, Time: 00:06:50

Health: -10/46     AC: 19    Str: 21    XL:     8   Next: 78%
Magic:  8/8        EV:  7    Int: 10    God:    Gozag
Gold:   627        SH:  4    Dex:  9    Spells: 7/7 levels left

rFire    . . .     SeeInvis .   r - +1 flail (holy)
rCold    . . .     Gourm    .   w - +0 buckler
rNeg     + . .     Faith    .   s - +2 chain mail {MR+}
rPois    ∞         Spirit   .   h - +0 helmet
rElec    +         Reflect  .   (no cloak)
rCorr    .         Harm     .   t - +0 pair of gloves
MR       +....                  (no boots)
Stlth    ..........             (no amulet)
HPRegen  0.15/turn              (no ring)
MPRegen  0.11/turn              (no ring)

@: gold aura
A: negative energy resistance 1, electricity resistance, unbreathing,
petrification resistance, rot immunity, AC +5
a: Potion Petition, Call Merchant, Bribe Branch, Renounce Religion


You were on level 6 of the Dungeon.
You worshipped Gozag.
Gozag was pleased with you.
You were hungry.

You visited 1 branch of the dungeon, and saw 6 of its levels.

You collected 647 gold pieces.
You paid 20 gold pieces to Gozag.

Inventory:

Hand Weapons
 a - a +0 flail
 r - a +1 flail of holy wrath (weapon)
Armour
 b - a +0 scale mail
 c - a +0 shield
 h - a +0 helmet (worn)
 n - a +0 plate armour
 s - a +2 chain mail of magic resistance (worn)
 t - a +0 pair of gloves (worn)
 w - a +0 buckler (worn)
 I - a +0 chain mail of cold resistance
Jewellery
 g - an uncursed ring of protection from fire {unknown}
Wands
 q - a wand of random effects (19)
 K - a wand of polymorph (10)
Scrolls
 e - a scroll of fog {unknown}
 i - 4 scrolls of magic mapping
 k - a scroll of amnesia {unknown}
 m - a scroll of teleportation {unknown}
 u - a scroll of immolation {unknown}
 v - 2 scrolls of noise {unknown}
 y - 2 scrolls of remove curse {unknown}
 z - 2 scrolls of fear {unknown}
 B - a scroll of enchant armour {unknown}
 D - a scroll of enchant weapon {unknown}
 E - a scroll of identify {unknown}
 J - a scroll of blinking {unknown}
Potions
 d - a potion of might
 j - a potion of invisibility {unknown}
 l - 2 potions of curing {unknown}
 o - 2 potions of ambrosia {unknown}
 p - a potion of agility {unknown}
 x - a potion of brilliance {unknown}
 A - 2 potions of haste {unknown}
 C - a potion of degeneration {unknown}
 F - a potion of heal wounds {unknown}
 G - 2 potions of lignification {unknown}
 H - a potion of resistance {unknown}
Comestibles
 f - 5 rations


   Skills:
 - Level 3.2 Fighting
 + Level 10.7 Maces & Flails
 - Level 3.2 Armour
 - Level 3.2 Shields


You had 7 spell levels left.
You didn't know any spells.

Dungeon Overview and Level Annotations

Branches:
Dungeon (6/15)             Temple (0/1) D:5

Altars:
Ashenzari
Gozag
Makhleb
Nemelex Xobeh
Okawaru
Uskayaw
Wu Jian
Xom
Yredelemnul

Shops:
D:5 [   D:6 [


Innate Abilities, Weirdness & Mutations

You are resistant to torment.
Your stone body is resilient. (AC +5)
You are immune to poison.
You resist negative energy. (rN+)
You are resistant to electric shocks. (rElec)
You can survive without breathing.
You are immune to petrification.
You are immune to rotting.


Message History

The orc priest is heavily wounded.
The orc priest calls down the wrath of Beogh upon you.
Beogh smites you!
* * * LOW HITPOINT WARNING * * *
You are too injured to fight recklessly!
You are too injured to fight recklessly!
You are too injured to fight recklessly!
You sock the orc priest!
The orc priest is almost dead.
The orc hits you but does no damage.
The orc priest invokes the aid of Beogh against you.
Beogh smites you!
* * * LOW HITPOINT WARNING * * *
You barely miss the orc priest.
The orc priest is almost dead.
The orc hits you but does no damage.
The orc priest invokes the aid of Beogh against you.
Beogh smites you!
You die...
Your body crumbles into a pile of gold.

.......^..........
#........# .#..
#........# $.)# .#
#........###.##..#
####.#.∩<........#
#.....)......#
#####.#.###.##
#.#$# #@#.#
#.oo......
#.........
#..#.##### #..#$#
#..#.# .... . ..##
.


You could see an orc priest and an orc.

Vanquished Creatures
  Duvessa (D:5)
  A black bear (D:5)
  A sky beast (D:5)
  A phantom (D:4)
  An ogre (D:4)
  2 ice beasts
  A centaur (D:4)
  2 bullfrogs
  Dowan (D:5)
  A crimson imp (D:6)
  2 hounds (D:5)
  3 orc wizards
  3 bullfrog skeletons
  An orc priest (D:6)
  Terence (D:2)
  An iguana (D:3)
  A worker ant (D:4)
  13 adders
  2 dart slugs
  4 leopard geckos
  6 orcs
  4 ball pythons
  5 bats
  6 giant cockroaches
  9 goblins
  6 hobgoblins
  4 jackals (D:5)
  2 quokkas
  3 frilled lizards
  5 kobolds
  10 rats
103 creatures vanquished.

Notes
Turn   | Place    | Note
-------+----------+-------------------------------------------
     0 | D:1      | Gaball the Gargoyle Fighter began the quest for the Orb.
     0 | D:1      | Reached XP level 1. HP: 14/14 MP: 1/1
    96 | D:1      | Reached XP level 2. HP: 19/19 MP: 2/2
   283 | D:1      | Reached skill level 3 in Maces & Flails
   453 | D:1      | Reached XP level 3. HP: 23/23 MP: 3/3
   930 | D:2      | Reached skill level 4 in Maces & Flails
   954 | D:2      | Reached XP level 4. HP: 25/28 MP: 4/4
   966 | D:2      | Noticed Terence
   981 | D:2      | Killed Terence
  1095 | D:2      | Found an ornate altar of the Wu Jian Council.
  1096 | D:2      | Found a shimmering altar of Xom.
  1097 | D:2      | Found an opulent altar of Gozag.
  1097 | D:2      | Found a hide-covered altar of Uskayaw.
  1097 | D:2      | Found an iron altar of Okawaru.
  1098 | D:2      | Found a burning altar of Makhleb.
  1098 | D:2      | Found a basalt altar of Yredelemnul.
  1106 | D:2      | Found a shattered altar of Ashenzari.
  1145 | D:2      | Became a worshipper of Gozag Ym Sagoz the Greedy
  1281 | D:2      | Found a faded altar of an unknown god.
  1431 | D:3      | Reached skill level 5 in Maces & Flails
  1431 | D:3      | Reached XP level 5. HP: 30/32 MP: 5/5
  1768 | D:3      | Found a sparkling altar of Nemelex Xobeh.
  1824 | D:3      | Noticed an ice beast
  1834 | D:3      | Killed an ice beast
  1834 | D:3      | Reached skill level 6 in Maces & Flails
  1834 | D:3      | Reached XP level 6. HP: 37/37 MP: 6/6
  2140 | D:4      | Noticed a phantom
  2152 | D:4      | Killed a phantom
  2152 | D:4      | Reached skill level 7 in Maces & Flails
  2267 | D:4      | Reached XP level 7. HP: 19/41 MP: 7/7
  2279 | D:4      | Reached skill level 8 in Maces & Flails
  2445 | D:5      | Entered Level 5 of the Dungeon
  2592 | D:5      | Reached skill level 9 in Maces & Flails
  2592 | D:5      | Reached XP level 8. HP: 17/46 MP: 8/8
  2923 | D:5      | Found a staircase to the Ecumenical Temple.
  3167 | D:6      | Found Acacekea's Armour Boutique.
  3176 | D:6      | Noticed Duvessa
  3177 | D:6      | Noticed Dowan
  3207 | D:5      | Killed Duvessa
  3207 | D:5      | Reached skill level 10 in Maces & Flails
  3224 | D:5      | Killed Dowan
  3313 | D:6      | HP: 1/46 [orc priest/divine providence (12)]
  3314 | D:6      | Killed from afar by an orc priest

Vault maps used:
D:1:      dpeg_arrival_subterranean_lakeside_camping
D:2:      grunt_temple_overflow_open, chequers_ecumenical_altar_twisty,
          uniq_terence
D:3:      nemelex_xobeh_ov_fountains_minmay
D:4:      first_ration, due_unseen_surprise
D:5:      minmay_temple_entry_mist, serial_bayou, serial_bayou_pond_b,
          serial_bayou_pond_e, serial_bayou_crossing, serial_bayou_pond_d,
          serial_bayou_pond_e, serial_bayou_lagoon_a, serial_park_tiny_2
D:6:      grunt_temple_overflow_growth_and_decay, serial_shops, shop,
          uniq_duvessa

Skill      XL: |  1  2  3  4  5  6  7  8 |
---------------+-------------------------+-----
Maces & Flails | 3 4 5 6 7 9 10 | 10.7
Fighting       | |  3.2
Armour         | |  3.2
Shields        | |  3.2

Action                   |  1- 3 |  4- 6 |  7- 9 || total
-------------------------+-------+-------+-------++-------
Melee: Flail             |   117 |   211 |   155 ||   483
  Use: Scroll            |       |       |     1 ||     1
 Stab: Distracted        |       |       |     3 ||     3
  Eat: Chunk             |       |     1 |       ||     1
       Ration            |       |     1 |     1 ||     2
Armor: Scale mail        |    50 |       |       ||    50
       Plate armour      |    22 |     8 |       ||    30
       Chain mail        |       |   146 |   118 ||   264
Dodge: Dodged            |    49 |    99 |    37 ||   185
Block: Shield            |    36 |       |       ||    36
       Buckler           |       |    27 |    21 ||    48

Table legend:
 A = Spawn XP
 B = Non-spawn XP
 C = Spawn XP percentage of total XP
 D = Spawn monster count
 E = Non-spawn monster count
 F = Spawn count percentage of total count
 G = Total turns spent on level
                    A         B        C        D         E        F      G
               +---------+---------+-------+---------+---------+-------+---------
         Total |       0 |    2103 |   0.0 |       0 |     103 |   0.0 |  3314
               +---------+---------+-------+---------+---------+-------+---------
           D:1 |       0 |      39 |   0.0 |       0 |      24 |   0.0 |   753
           D:2 |       0 |      97 |   0.0 |       0 |      18 |   0.0 |   656
           D:3 |       0 |     241 |   0.0 |       0 |      19 |   0.0 |   670
           D:4 |       0 |     539 |   0.0 |       0 |      16 |   0.0 |   366
           D:5 |       0 |     843 |   0.0 |       0 |      17 |   0.0 |   768
           D:6 |       0 |     344 |   0.0 |       0 |       9 |   0.0 |   101
               +---------+---------+-------+---------+---------+-------+---------
